 Dungeon Crawl Stone Soup version 0.17-a0-2171-ga91b4ec (webtiles) character file.

4572 nicanaca0 the Grappler (level 10, -6/102 HPs)
             Began as a Troll Monk on Oct 25, 2015.
             Mangled by a three-headed hydra (12 damage)
             ... on level 9 of the Dungeon.
             The game lasted 00:13:02 (6653 turns).

nicanaca0 the Grappler (Troll Monk)                 Turns: 6653, Time: 00:13:03

Health: -6/102     AC:  6    Str: 21    XL:     10   Next: 18%
Magic:  9/9        EV: 12    Int:  6    God:
Gold:   491        SH:  0    Dex: 15    Spells: 0 memorised, 9 levels left

rFire  . . .     SeeInvis .     b - +0 giant spiked club
rCold  . . .     Clarity  .     p - +1 robe {rN+}
rNeg   + . .     SustAt   .     (no shield)
rPois  .         Gourm    +     (helmet restricted)
rElec  .         Spirit   .     (no cloak)
rCorr  .         Warding  .     (gloves unavailable)
rMut   .         Stasis   .     (boots unavailable)
MR     .....                    (no amulet)
Stlth  ++........               (no ring)
                                (no ring)

@: not resistant to hostile enchantments, unstealthy
A: unfitting armour, claws 3, fast metabolism 3, gourmand, regeneration 2,
shaggy fur 1, tough skin 2
a: no special abilities


You were on level 9 of the Dungeon.
You were completely stuffed.

You visited 1 branch of the dungeon, and saw 9 of its levels.

You collected 491 gold pieces.

Inventory:

Hand Weapons
 b - a +0 giant spiked club (weapon)
Armour
 p - a +1 robe of positive energy (worn)
Wands
 a - a wand of enslavement (12)
 y - a wand of disintegration (13)
Scrolls
 e - 3 scrolls of teleportation {unknown}
 h - 3 scrolls of blinking
 i - a scroll of fear {unknown}
 k - 2 scrolls of remove curse
 l - 2 scrolls of magic mapping {unknown}
 m - a scroll of noise {unknown}
 o - a scroll of enchant armour {unknown}
 r - 2 scrolls of random uselessness {unknown}
 u - a scroll of amnesia {unknown}
 v - a scroll of immolation {unknown}
Potions
 g - 3 potions of haste
 j - 2 potions of heal wounds
 n - a potion of resistance
 q - 2 potions of curing
 w - a potion of mutation
 x - 2 potions of flight
 z - 3 potions of brilliance
 A - a potion of degeneration {unknown}
Comestibles
 c - 3 meat rations
 d - 18 fruits
 f - a beef jerky
 s - 6 bread rations
 t - 7 slices of pizza
 B - 8 chunks of flesh


   Skills:
 + Level 7.2 Fighting
 + Level 4.3 Dodging
 - Level 1.1 Stealth
 * Level 12.1 Unarmed Combat


You had 9 spell levels left.
You didn't know any spells.

Dungeon Overview and Level Annotations

Branches:
Dungeon (9/15)             Temple (0/1) D:6
   Lair: D:8-11         Orc: D:9-12

Altars:
Dithmenos
Elyvilon
Nemelex Xobeh
Zin


Innate Abilities, Weirdness & Mutations

You are too large for most types of armour.
You have claws for hands.
Your metabolism is lightning-fast.
You like to eat raw meat.
You heal very quickly.
You are covered in fur (AC +1).
You have very tough skin (AC +2).


Message History

You completely miss the three-headed hydra.
The three-headed hydra closely misses you.
The three-headed hydra bites you. The three-headed hydra bites you!!
The three-headed hydra bites you! The three-headed hydra misses you.
The three-headed hydra bites you!
You impale the three-headed hydra!!
The three-headed hydra is heavily wounded.
The three-headed hydra bites you.
The three-headed hydra closely misses you.
The three-headed hydra barely misses you.
The three-headed hydra bites you. The three-headed hydra bites you!
The three-headed hydra barely misses you.
You hit the three-headed hydra.
The three-headed hydra is heavily wounded.
The three-headed hydra bites you. The three-headed hydra bites you!
* * * LOW HITPOINT WARNING * * *
The three-headed hydra bites you!
* * * LOW HITPOINT WARNING * * *
The three-headed hydra bites you!
You die...

............#'#######.<.#.>...#
....................##+##.....#
.................[............#
...............##########.....#
...............#..#.....#.....#
#########'##...#..'....≈#.....#
...........#...#..'..P..#.....#
...........#...#..'....≈÷.....#
...........#...#@.#....%#.....#
...........#...#D##P≈P.≈#.....#
...........#####K.#≈≈)≈P#.....#
....######## #.)+.P≈PP#.....#
....# ##########.....# ....#
#.....# ....# #.....# ....+
#.....# ....#


You could see a three-headed hydra and a big kobold.

Vanquished Creatures
  The ghost of nicanaca0 the Cleaver, a novice HuBe of Trog (D:8)
  A troll (D:9)
  A wyvern (D:6)
  2 yaks (D:9)
  A hungry ghost (D:7)
  Grum (D:9)
  A vampire mosquito (D:6)
  Menkaure (D:5)
  3 wolves (D:9)
  Duvessa (D:7)
  A black bear (D:7)
  3 ogres
  A sky beast (D:8)
  3 centaurs
  2 big kobolds (D:9)
  4 giant frogs
  A scorpion (D:6)
  Dowan (D:7)
  4 killer bees
  3 wights (D:8)
  4 crimson imps
  2 centaur skeletons
  2 orc priests
  2 hounds (D:5)
  2 jellies
  3 orc wizards
  4 worker ants
  4 iguanas
  2 sheep (D:9)
  5 adders
  2 shadow imps
  An adder zombie (D:8)
  An adder skeleton (D:4)
  4 worms
  4 giant geckos
  14 orcs
  A ball python (D:5)
  5 bats
  2 giant cockroaches
  8 hobgoblins
  11 jackals
  3 kobolds
  4 quokkas
  2 giant gecko skeletons
  4 giant newts
  6 goblins
  A jackal skeleton (D:4)
  10 rats
149 creatures vanquished.

Notes
Turn   | Place    | Note
--------------------------------------------------------------
     0 | D:1      | nicanaca0 the Troll Monk began the quest for the Orb.
     0 | D:1      | Reached XP level 1. HP: 22/22 MP: 0/0
   180 | D:1      | Reached XP level 2. HP: 29/29 MP: 1/1
   576 | D:2      | Reached skill level 5 in Unarmed Combat
   576 | D:2      | Reached XP level 3. HP: 33/36 MP: 2/2
  1477 | D:3      | Found a shadowy altar of Dithmenos.
  1482 | D:3      | Reached XP level 4. HP: 44/44 MP: 3/3
  2010 | D:4      | Noticed an ogre
  2016 | D:4      | HP: 1/44 [ogre/giant spiked club (19)]
  2017 | D:4      | Killed an ogre
  2017 | D:4      | Reached skill level 6 in Unarmed Combat
  2017 | D:4      | Reached XP level 5. HP: 1/53 MP: 4/4
  2405 | D:4      | Reached XP level 6. HP: 35/61 MP: 5/5
  2750 | D:5      | Entered Level 5 of the Dungeon
  2772 | D:5      | Noticed Menkaure
  2786 | D:5      | Killed Menkaure
  2786 | D:5      | Reached skill level 7 in Unarmed Combat
  2819 | D:5      | Reached XP level 7. HP: 57/70 MP: 6/6
  3633 | D:5      | Reached skill level 8 in Unarmed Combat
  3800 | D:6      | Found a white marble altar of Elyvilon.
  3811 | D:6      | Found a glowing silver altar of Zin.
  3907 | D:6      | Found a staircase to the Ecumenical Temple.
  4042 | D:6      | Noticed a wyvern
  4048 | D:6      | Killed a wyvern
  4048 | D:6      | Reached skill level 9 in Unarmed Combat
  4048 | D:6      | Reached XP level 8. HP: 60/79 MP: 7/7
  4090 | D:6      | Reached skill level 5 in Fighting
  4401 | D:7      | Noticed Duvessa
  4401 | D:7      | Noticed Dowan
  4422 | D:7      | Killed Dowan
  4426 | D:7      | Killed Duvessa
  4780 | D:7      | Reached skill level 10 in Unarmed Combat
  5191 | D:8      | Reached XP level 9. HP: 89/89 MP: 8/8
  5330 | D:8      | Noticed nicanaca0's ghost (novice HuBe)
  5349 | D:8      | Killed nicanaca0's ghost
  5349 | D:8      | Reached skill level 11 in Unarmed Combat
  5815 | D:8      | Found a sparkling altar of Nemelex Xobeh.
  6223 | D:9      | Noticed Grum
  6239 | D:9      | Killed Grum
  6494 | D:9      | Reached skill level 12 in Unarmed Combat
  6494 | D:9      | Reached XP level 10. HP: 63/102 MP: 9/9
  6645 | D:9      | Noticed a three-headed hydra
  6653 | D:9      | Mangled by a three-headed hydra

Vault maps used:
D:1:      evilmike_arrival_crescent
D:3:      grunt_dithmenos_smoke_and_mirrors
D:5:      first_bread, minmay_misc_feat_secret_circle,
          hangedman_decor_peaks_small, uniq_menkaure
D:6:      amethyst_overflow_temple_binary, temple_green, minmay_three_doors
D:7:      uniq_duvessa
D:8:      nemelex_deck
D:9:      hangedman_ranch, uniq_grum

Action                   |  1- 3 |  4- 6 |  7- 9 | 10-12 || total
-------------------------+-------+-------+-------+-------++-------
Melee: Unarmed           |    85 |    97 |   238 |    23 ||   443
       Giant spiked club |       |       |       |     4 ||     4
  Use: Potion            |       |     3 |     1 |       ||     4
       Scroll            |       |       |     9 |       ||     9
 Stab: Sleeping          |     2 |     1 |     2 |       ||     5
  Eat: Chunk             |    19 |    10 |    42 |     3 ||    74
